Map: 레클러메이션 - 래더

Players

jeannysu

  • Race: Zerg Zerg
  • Spawn Location: 12:00

프로브

  • Race: Terran Terran
  • Spawn Location: 11:00

치터 칸 (가장 어려움) - Winner!

  • Race: Terran Terran
  • Spawn Location: 5:00

치터 칸 (가장 어려움) - Winner!

  • Race: Terran Terran
  • Spawn Location: 6:00

VOD

Have the link to the VOD?

Description

Time

  • Played on: Oct. 4, 2025, 8:17 a.m.
  • Length: 9:42
Show
View Real Time Build Order
Export as new Build Order

jeannysu Zerg 

Build Orders: Hatch First 

Get SALT Encoding   

  12  0:00  Drone  
  13  0:07  Drone  
  14  0:14  Drone, Extractor  
  15  0:21  Overlord  
  15  0:41  Drone x2  
  17  0:49  Hatchery  
  16  0:53  Drone  
  16  0:56  Drone  
  18  1:08  Extractor  
  17  1:12  Spawning Pool  
  17  1:14  Drone  
  17  1:17  Drone  
  18  1:26  Drone  
  19  1:42  Drone  
  20  1:47  Overlord  
  20  1:58  Queen  
  20  2:00  Queen  
  24  2:02  Zergling x4  
  26  2:09  Drone  
  26  2:11  Drone  
  28  2:19  Drone  
  28  2:21  Metabolic Boost  
  29  2:24  Drone  
  30  2:31  Drone  
  30  2:36  Overlord, Queen  
  33  2:42  Drone  
  34  2:44  Drone  
  35  2:58  Hatchery  
  34  3:06  Drone x2  
  34  3:07  Drone x2  
  38  3:13  Roach Warren  
  38  3:16  Overlord  
  38  3:18  Drone  
  38  3:21  Drone  
  38  3:23  Drone  
  38  3:25  Zergling x2  
  41  3:39  Drone x3  
  44  3:45  Evolution Chamber  
  44  3:46  Zergling x2  
  44  3:47  Zergling x6  
  47  4:01  Zergling x2  
  47  4:02  Zergling x2  
  49  4:03  Overlord  
  49  4:09  Drone x3  
  53  4:10  Drone  
  53  4:11  Queen  
  53  4:12  Drone  
  53  4:13  Overlord  
  56  4:21  Overlord  
  56  4:22  Overlord  
  56  4:24  Drone  
  56  4:25  Drone  
  56  4:30  Zerg Ground Armor Level 1  
  58  4:32  Lair  
  58  4:35  Roach x2  
  58  4:37  Roach  
  64  4:39  Roach  
  64  4:41  Roach  
  68  4:58  Spore Crawler  
  67  5:00  Spore Crawler  
  67  5:02  Spore Crawler  
  67  5:04  Drone x7  
  67  5:06  Overlord x2  
  72  5:12  Roach  
  74  5:24  Overlord x2, Queen x2  
  78  5:38  Roach x4  
  78  5:40  Hatchery  
  78  5:41  Overlord  
  85  5:47  Overseer  
  85  5:50  Drone x4  
  85  5:53  Extractor  
  88  5:59  Roach x2  
  92  6:20  Drone x5  
  92  6:23  Roach x3  
  103  6:36  Overlord  
  103  6:37  Overlord x5  
  103  6:39  Zergling x2  
  104  6:40  Zergling x8  
  104  6:42  Roach  
  110  6:49  Glial Reconstitution  
  110  6:54  Evolution Chamber  
  110  6:55  Extractor  
  110  6:56  Drone, Extractor  
  110  6:57  Drone x4  
  110  6:59  Zergling x8  
  116  7:08  Extractor x2  
  115  7:10  Roach x4  
  121  7:33  Zerg Melee Weapons Level 1  
  121  7:46  Drone  
  121  7:47  Drone x21  
  143  7:56  Hatchery  
  142  7:59  Spire  
  141  8:14  Roach  
  141  8:15  Roach x4  
  135  8:29  Roach x6  
  136  8:39  Roach x3  
  136  8:40  Roach x2  
  136  8:53  Roach x3  
  136  8:54  Roach x3  
  100  9:05  Zergling x4  
  100  9:06  Zergling x12  
  99  9:16  Roach x6  
Show
View Real Time Build Order
Export as new Build Order

프로브 Terran 

Build Orders: Reaper Expand 

Get SALT Encoding   

  12  0:00  SCV  
  13  0:12  SCV  
  14  0:20  Supply Depot  
  14  0:25  SCV  
  15  0:41  SCV  
  15  0:42  Barracks  
  16  0:46  Refinery  
  16  0:53  SCV  
  17  1:05  SCV  
  18  1:17  SCV  
  19  1:30  Reaper  
  19  1:32  Orbital Command  
  20  1:40  Command Center  
  20  1:58  SCV  
  21  2:05  Supply Depot  
  21  2:06  Marine  
  22  2:10  SCV  
  23  2:26  SCV  
  23  2:27  Barracks Reactor  
  23  2:29  Factory  
  24  2:33  Refinery  
  23  2:39  SCV  
  24  2:51  Orbital Command  
  24  2:53  SCV  
  25  3:00  Barracks x2  
  25  3:17  Barracks Tech Lab, Starport  
  25  3:18  SCV x2  
  27  3:26  Hellion x2  
  31  3:32  SCV x2  
  33  3:41  Combat Shield  
  33  3:44  SCV  
  33  3:45  SCV  
  33  3:47  Hellion  
  37  3:48  Barracks Reactor  
  37  3:50  Barracks Reactor  
  37  3:56  Supply Depot  
  37  3:57  SCV  
  37  3:59  SCV  
  37  4:01  Starport Tech Lab  
  39  4:05  Marine  
  39  4:06  Refinery  
  40  4:15  SCV x2  
  42  4:37  Barracks  
  42  4:41  Engineering Bay x2, Starport Tech Lab  
  42  4:43  SCV x2  
  42  4:45  Marine x4  
  48  4:46  Marine  
  48  4:49  Supply Depot  
  48  4:52  Armory  
  49  4:55  SCV x2  
  51  5:04  Command Center  
  51  5:06  Raven  
  53  5:07  SCV  
  54  5:15  Refinery  
  54  5:20  Marine x3  
  57  5:28  SCV x2, Marine x2  
  59  5:30  Stimpack  
  59  5:31  Terran Infantry Weapons Level 1  
  61  5:37  Marine  
  61  5:38  Supply Depot  
  62  5:48  Terran Infantry Armor Level 1  
  62  5:52  Supply Depot  
  62  5:59  Marine  
  62  6:00  SCV x2, Medivac, Supply Depot, Siege Tank  
  70  6:10  Supply Depot  
  70  6:14  SCV x2, Marine x2  
  70  6:17  Barracks  
  70  6:18  Barracks  
  74  6:26  SCV, Orbital Command  
  74  6:28  SCV  
  76  6:33  Supply Depot  
  76  6:35  Supply Depot  
  76  6:36  Supply Depot, Marine  
  76  6:37  Marine  
  76  6:38  SCV  
  79  6:40  Medivac  
  79  6:41  SCV  
  84  6:50  SCV  
  84  6:52  SCV  
  84  6:53  SCV  
  87  6:58  Supply Depot  
  87  7:01  Armory  
  87  7:02  SCV  
  87  7:05  Siege Tank  
  87  7:07  Marine x4  
  93  7:10  Barracks Tech Lab, Medivac  
  95  7:17  SCV x2  
  95  7:20  Refinery  
  95  7:21  Marine x2  
  95  7:22  Refinery  
  99  7:23  Barracks Reactor  
  99  7:30  Factory  
  99  7:37  Starport  
  99  7:43  Terran Vehicle Weapons Level 1  
  99  7:44  Marine x5  
  99  7:47  SCV x2  
  106  8:00  Marine x2  
  106  8:02  Medivac  
  110  8:11  Supply Depot  
  110  8:14  Barracks  
  110  8:15  Barracks  
  110  8:16  Marine x6  
  116  8:20  Starport Reactor  
  116  8:25  Marine x4  
  120  8:32  Medivac  
  116  8:46  Marine x10  
  94  9:02  Medivac x2  
  85  9:04  Marine x10  
  87  9:12  Factory Tech Lab  
  90  9:21  Marine x4  
  90  9:22  Marine x6  
Show
View Real Time Build Order
Export as new Build Order

치터 칸 (가장 어려움) Terran - Winner!

Build Orders:  

Get SALT Encoding   

  12  0:01  SCV  
  13  0:13  SCV  
  14  0:18  Supply Depot  
  14  0:25  SCV  
  15  0:40  SCV  
  16  0:42  Barracks  
  16  0:52  SCV  
  17  1:04  SCV  
  17  1:08  Supply Depot  
  18  1:12  Refinery  
  18  1:16  SCV  
  19  1:28  SCV  
  19  1:29  Marine  
  21  1:40  SCV  
  22  1:47  Marine  
  22  1:50  Barracks  
  22  1:51  Refinery  
  22  1:52  SCV  
  22  1:53  Supply Depot  
  24  2:05  SCV, Marine  
  24  2:08  Factory  
  26  2:17  SCV  
  27  2:23  Marine  
  27  2:29  SCV  
  29  2:36  Marine  
  30  2:40  Marine  
  30  2:41  SCV  
  32  2:45  Barracks  
  32  2:53  SCV  
  32  2:54  Barracks Tech Lab, Starport  
  32  2:58  Marine, Supply Depot  
  33  3:05  SCV  
  35  3:12  Marine  
  35  3:15  Stimpack  
  35  3:16  Barracks Tech Lab, Supply Depot  
  35  3:17  SCV  
  37  3:23  Supply Depot  
  37  3:29  SCV  
  37  3:30  Medivac, Marine  
  37  3:31  Marine  
  37  3:34  Combat Shield  
  42  3:35  Marine  
  43  3:43  Orbital Command  
  43  3:49  Marauder  
  43  3:50  Marine  
  43  3:52  Marine  
  43  3:55  Supply Depot  
  47  4:00  Medivac  
  49  4:05  Engineering Bay  
  49  4:08  Marine  
  50  4:10  Marauder  
  50  4:11  Marauder  
  54  4:18  Command Center  
  54  4:26  Marine  
  57  4:31  Marauder  
  57  4:32  Missile Turret, Starport Tech Lab  
  57  4:34  Missile Turret  
  57  4:39  Marine  
  57  4:42  Supply Depot  
  58  4:46  Hellion  
  58  4:50  Medivac  
  64  4:52  Concussive Shells  
  64  4:53  Marauder  
  64  5:04  Terran Infantry Weapons Level 1, Marauder  
  64  5:06  Supply Depot  
  66  5:07  Hellion  
  70  5:14  Marauder  
  70  5:20  Raven  
  72  5:23  Engineering Bay, Barracks Reactor  
  72  5:28  Marauder  
  74  5:29  Hellion  
  74  5:30  Supply Depot  
  74  5:32  Refinery  
  74  5:34  SCV  
  79  5:35  Marauder  
  79  5:37  SCV  
  80  5:46  SCV  
  80  5:48  Terran Infantry Armor Level 1  
  80  5:49  SCV  
  82  5:50  Hellion  
  82  5:54  Refinery, Medivac  
  82  5:56  Marauder  
  88  5:58  SCV  
  88  6:01  SCV  
  90  6:10  SCV  
  91  6:12  Hellion  
  91  6:13  SCV  
  91  6:16  Missile Turret  
  94  6:18  Missile Turret  
  94  6:21  Marauder, Supply Depot  
  94  6:22  SCV  
  94  6:24  Barracks  
  97  6:25  SCV  
  97  6:30  Marauder  
  100  6:33  Factory Tech Lab  
  100  6:34  SCV  
  100  6:35  Raven  
  100  6:37  SCV  
  104  6:43  Marauder  
  104  6:44  Supply Depot  
  104  6:46  SCV  
  107  6:47  Missile Turret  
  107  6:50  SCV  
  107  6:52  Widow Mine  
  110  6:58  SCV  
  110  6:59  Marine x3  
  114  7:02  SCV  
  114  7:04  Marine  
  114  7:08  Supply Depot, Command Center  
  116  7:11  SCV  
  116  7:13  Siege Tank  
  116  7:14  Orbital Command  
  120  7:17  Marauder  
  123  7:30  SCV  
  123  7:31  Marauder  
  123  7:33  Supply Depot  
  125  7:38  Marauder  
  125  7:42  SCV  
  125  7:43  Armory  
  128  7:45  Hellion  
  130  7:52  Marauder  
  130  7:55  Armory  
  132  7:58  Supply Depot  
  132  8:07  Hellion  
  134  8:22  SCV  
  134  8:23  SCV x2  
  134  8:24  Supply Depot  
  134  8:28  Siege Tank  
  134  8:30  Refinery  
  134  8:33  Marine, Viking  
  133  8:34  SCV  
  133  8:36  SCV  
  133  8:37  SCV  
  133  8:39  Marine x2  
  133  8:40  Marine  
  125  8:42  Marine  
  125  8:43  Refinery  
  125  8:47  SCV  
  116  8:48  SCV  
  116  8:49  SCV  
  116  8:50  Marine  
  116  8:51  Missile Turret  
  117  8:56  Missile Turret  
  117  8:57  Marine x2, Command Center  
  117  8:59  SCV  
  117  9:00  SCV, Hellion  
  117  9:01  Orbital Command  
  121  9:03  Viking  
  121  9:08  Missile Turret  
  121  9:09  Marauder  
  125  9:11  SCV  
  125  9:13  Factory, SCV  
  127  9:18  Starport  
  127  9:21  Barracks Tech Lab, Barracks  
  127  9:23  SCV  
  131  9:25  SCV  
  131  9:27  SCV  
  135  9:36  Ghost Academy  
  138  9:40  Supply Depot  
Show
View Real Time Build Order
Export as new Build Order

치터 칸 (가장 어려움) Terran - Winner!

Build Orders:  

Get SALT Encoding   

  12  0:01  SCV  
  13  0:13  SCV  
  14  0:18  Supply Depot  
  14  0:25  SCV  
  15  0:39  Refinery, SCV  
  15  0:41  Barracks  
  16  0:51  SCV  
  16  0:55  Barracks  
  17  1:03  SCV  
  18  1:15  SCV  
  19  1:27  Barracks  
  19  1:28  Orbital Command, Reaper  
  20  1:41  Marine, Supply Depot  
  21  1:54  SCV  
  22  1:58  Supply Depot  
  22  1:59  Reaper  
  23  2:02  Marine  
  23  2:06  SCV  
  25  2:14  Reaper  
  26  2:18  SCV  
  26  2:19  Command Center  
  26  2:20  Marine  
  28  2:31  Marine  
  28  2:33  SCV  
  28  2:34  Refinery  
  30  2:38  Reaper  
  30  2:40  Supply Depot  
  31  2:46  Reaper  
  31  2:49  Marine  
  33  3:07  Reaper  
  33  3:08  SCV  
  33  3:10  Marine  
  33  3:11  Factory  
  36  3:18  Marine  
  37  3:20  SCV  
  38  3:29  Barracks Tech Lab  
  38  3:32  SCV, Supply Depot  
  39  3:36  SCV  
  39  3:37  Barracks Tech Lab  
  39  3:39  Marine  
  39  3:41  Supply Depot  
  41  3:47  Marine  
  41  3:48  Stimpack  
  42  3:54  Marine  
  43  3:57  Marine, Starport  
  44  4:02  Engineering Bay  
  44  4:12  Combat Shield  
  44  4:21  Marine  
  44  4:23  Marine  
  46  4:25  SCV  
  46  4:26  Marine  
  46  4:27  SCV  
  46  4:29  Supply Depot  
  46  4:31  Missile Turret  
  49  4:33  Missile Turret, Medivac  
  49  4:37  SCV  
  52  4:39  SCV, Marauder  
  52  4:40  Refinery  
  52  4:41  Marine  
  52  4:43  Refinery  
  52  4:44  Marine  
  57  4:49  SCV, Hellion  
  57  4:52  SCV  
  61  4:56  Supply Depot  
  61  5:00  Command Center  
  61  5:01  SCV, Marauder  
  61  5:03  Marauder, Medivac  
  68  5:10  Hellion  
  68  5:13  SCV  
  71  5:15  SCV  
  72  5:22  Marauder  
  72  5:24  Marauder  
  72  5:25  SCV  
  72  5:27  SCV  
  78  5:32  Hellion  
  78  5:33  Medivac  
  82  5:35  Supply Depot  
  82  5:37  Terran Infantry Weapons Level 1, SCV  
  82  5:39  SCV  
  84  5:43  Marauder  
  84  5:45  Marauder  
  84  5:49  SCV  
  89  5:51  SCV  
  89  5:53  Hellion  
  89  5:56  Engineering Bay, Barracks Reactor  
  92  6:00  Supply Depot  
  92  6:01  SCV  
  92  6:03  SCV  
  94  6:05  Marauder  
  94  6:09  Marauder  
  98  6:11  Concussive Shells  
  98  6:13  SCV  
  98  6:15  SCV, Hellion  
  98  6:16  SCV  
  103  6:22  Terran Infantry Armor Level 1  
  101  6:25  SCV  
  101  6:26  Marauder  
  101  6:28  SCV  
  101  6:29  SCV  
  105  6:35  Marauder  
  105  6:37  SCV  
  108  6:40  SCV  
  108  6:41  SCV  
  110  6:47  Marauder  
  110  6:49  SCV  
  110  6:50  Supply Depot  
  110  6:52  SCV  
  110  6:53  SCV  
  115  6:54  Marine  
  115  6:55  Marine  
  115  6:56  Marauder  
  115  7:00  Hellion  
  121  7:02  SCV  
  121  7:07  SCV  
  123  7:08  Marine  
  123  7:12  SCV, Marine  
  123  7:13  Armory  
  123  7:14  SCV  
  127  7:16  Supply Depot  
  127  7:18  Marauder  
  127  7:20  SCV  
  127  7:21  Hellion  
  127  7:22  Command Center  
  132  7:25  SCV  
  132  7:26  SCV  
  130  7:32  SCV  
  131  7:37  SCV  
  131  7:38  SCV, Marauder  
  131  7:39  Marauder  
  131  7:40  Supply Depot  
  131  7:42  Hellion  
  131  7:44  SCV  
  140  7:52  Armory  
  140  7:58  Orbital Command  
  140  8:02  Missile Turret, SCV x2, Marauder  
  140  8:04  Factory Tech Lab, Supply Depot  
  144  8:09  Missile Turret  
  144  8:13  Missile Turret  
  144  8:14  SCV  
  144  8:15  Missile Turret  
  144  8:18  Starport Reactor, Barracks  
  145  8:22  Hellion  
  145  8:25  SCV  
  145  8:26  SCV x2  
  150  8:28  Supply Depot  
  150  8:37  SCV  
  150  8:39  SCV x2  
  150  8:40  SCV  
  154  8:44  Marine, Hellion  
  154  8:46  Marine x2  
  154  8:48  Marine  
  138  8:50  SCV  
  138  8:51  SCV x2  
  138  8:52  SCV  
  138  8:54  Viking x2  
  127  9:02  Missile Turret, Orbital Command, Marine  
  119  9:03  SCV  
  119  9:04  SCV x2, Marine x2  
  119  9:05  Siege Tank, Marine  
  119  9:06  Marine  
  119  9:07  Missile Turret  
  127  9:14  Factory  
  127  9:15  SCV  
  127  9:16  SCV  
  129  9:18  Missile Turret  
  129  9:19  Marine, Command Center  
  129  9:22  Marine x2  
  129  9:23  Marine, Starport  
  131  9:33  Barracks  
Tags
 
Add a new tag
Caveats
  • Supply blocks, unpowered buildings, or Contaminate may cause inaccurate times.
  • Supply counts are checked every 10 seconds.